 Dungeon Crawl Stone Soup version 0.21-a0-221-gfe971b9 (webtiles) character file.

426647 smashysmashy the Wrestler (level 22, -10/240 HPs)
             Began as a Troll Monk on Aug 24, 2017.
             Was the Champion of Okawaru.
             Mangled by an ettin
             ... wielding a +0 dire flail
              (34 damage)
             ... on level 2 of the Depths on Aug 27, 2017.
             The game lasted 02:08:40 (49997 turns).

smashysmashy the Wrestler (Troll Monk)             Turns: 49997, Time: 02:08:41

Health: -10/240    AC: 29    Str: 36    XL:     22   Next: 75%
Magic:  22/27      EV: 14    Int:  8    God:    Okawaru [******]
Gold:   973        SH: 13    Dex: 13    Spells: 21/21 levels left

rFire    + . .     SeeInvis .     - Unarmed
rCold    . . .     Gourm    +   U - +0 shield {reflect}
rNeg     + + .     Faith    .   A - +3 storm dragon scales {Bai Suzhen}
rPois    +         Spirit   .   O - +1 hat of Juekkuq {rF+ rN+ Regen+ Stlth+}
rElec    +         Reflect  +   F - +2 cloak {MR+}
rCorr    .         Harm     .   (gloves unavailable)
MR       +++++     Clarity  +   (boots unavailable)
Stlth    +++.......             N - amulet of the Four Winds {rN+ MR+++ Clar}
HPRegen  1.30/turn              p - +5 ring of strength
MPRegen  0.20/turn              X - ring of stealth

@: heroism, finesse, hasted, very quick
A: unfitting armour, claws 3, clever 1, fast metabolism 3, gourmand, poison
resistance, regeneration 1, shaggy fur 1, tough skin 2, wild magic 1, MP-powered
wands
}: 2/15 runes: decaying, serpentine
a: Heroism, Finesse, Renounce Religion


You were on level 2 of the Depths.
You worshipped Okawaru.
Okawaru was exalted by your worship.
You were not hungry.

You visited 9 branches of the dungeon, and saw 41 of its levels.
You visited the Abyss 1 time.
You also visited: Labyrinth and Ossuary.

You collected 4645 gold pieces.
You spent 3672 gold pieces at shops.

Inventory:

Missiles
 l - 57 large rocks (quivered)
Armour
 i - the -2 hat of the Alchemist {rElec rPois rF+ rC+ rN+ MR+ rMut rCorr}
   (You bought it in a shop on level 3 of the Vaults)

   It protects you from fire.
   It protects you from cold.
   It insulates you from electricity.
   It protects you from poison.
   It protects you from negative energy.
   It affects your resistance to hostile enchantments.
   It protects you from acid and corrosion.
   It protects you from mutation.
 A - +3 storm dragon scales (worn) {Bai Suzhen}
 F - a +2 cloak of magic resistance (worn)
 O - the +1 hat of Juekkuq (worn) {rF+ rN+ Regen+ Stlth+}
   (Okawaru gifted it to you on level 3 of the Elven Halls)

   It protects you from fire.
   It protects you from negative energy.
   It increases your rate of regeneration.
   It makes you more stealthy.
 U - a +0 shield of reflection (worn)
Jewellery
 d - an uncursed amulet of regeneration
 p - a +5 ring of strength (left claw)
 v - an uncursed amulet of guardian spirit
 D - an uncursed amulet of faith
 N - the amulet of the Four Winds (around neck) {rN+ MR+++ Clar}
   (You bought it in a shop on level 1 of the Elven Halls)

   [amulet of nothing]

   It protects you from negative energy.
   It affects your resistance to hostile enchantments.
   It protects you against confusion.
 R - an uncursed ring of protection from fire
 V - an uncursed ring of resist corrosion
 X - a ring of stealth (right claw)
Wands
 c - a wand of flame (14/48)
 e - a wand of clouds (1/9)
 j - a wand of iceblast (8/15)
 k - a wand of flame (20/48)
 m - a wand of disintegration (17/24)
 z - a wand of clouds (4/9)
 B - a wand of confusion (21/48)
 M - a wand of flame (16/48)
 P - a wand of digging (7/24)
 T - a wand of acid (8/15)
 Z - a wand of scattershot (4/9)
Scrolls
 h - 2 scrolls of amnesia
 r - a scroll of enchant weapon
 s - 2 scrolls of fear
 u - 5 scrolls of teleportation
 w - 2 scrolls of fog
 x - 3 scrolls of blinking
 y - 4 scrolls of identify
 E - a scroll of magic mapping
 H - 12 scrolls of remove curse
 I - a scroll of holy word
 S - 12 scrolls of recharging
 W - 2 scrolls of summoning
Potions
 a - 4 potions of lignification
 f - 3 potions of magic
 o - 11 potions of curing
 q - 8 potions of flight
 J - 3 potions of agility
 K - 4 potions of cancellation
 Y - a potion of invisibility
Miscellaneous
 Q - a lamp of fire
Comestibles
 b - 10 bread rations
 g - 12 meat rations
 n - 23 fruits
 t - 26 royal jellies


   Skills:
 + Level 18.5(23.5) Fighting
 - Level 12.4(17.4) Throwing
 + Level 14.6(19.6) Armour
 - Level 8.2(13.2) Dodging
 - Level 3.3(8.3) Stealth
 - Level 5.8(10.8) Shields
 + Level 21.3(26.3) Unarmed Combat
 - Level 4.0 Invocations
 + Level 9.0 Evocations


You had 21 spell levels left.
You didn't know any spells.

Dungeon Overview and Level Annotations

Branches:
Dungeon (15/15)            Temple (1/1) D:5            Lair (6/6) D:11
  Swamp (4/4) Lair:3        Snake (4/4) Lair:3        Slime (0/5) Lair:6
    Orc (2/2) D:10            Elf (3/3) Orc:2        Vaults (4/5) D:13
  Crypt (0/3) Vaults:3     Depths (2/5) D:15

Altars:
Ashenzari
Cheibriados
Dithmenos
Elyvilon
Fedhas
Gozag
Hepliaklqana
Makhleb
Nemelex Xobeh
Okawaru
Qazlal
Ru
Sif Muna
Trog
Uskayaw
Vehumet
Wu Jian
Xom
Yredelemnul
Zin
The Shining One
Beogh

Shops:
D:6 [   D:13 !   D:15 !![[*[   Orc:2 *[:(   Elf:1 =}=   Elf:3 [   Snake:4 (
Vaults:2 (   Vaults:3 }:%[*   Vaults:4 (

Portals:
Hell: Depths:1
Pandemonium: Depths:2

Annotations:
D:11 exclusions: ice statue and obsidian statue


Innate Abilities, Weirdness & Mutations

You are too large for most types of armour.
You have claws for hands.
Your metabolism is lightning-fast.
You like to eat raw meat.
Your natural rate of healing is unusually fast.
You are covered in fur. (AC +1)
You have very tough skin. (AC +2)
Your mind is acute. (Int +2)
Your system is resistant to poisons. (rPois)
Your spells are a little harder to cast, but a little more powerful.
You expend magic power (3 MP) to strengthen your wands.


Message History

Okawaru accepts your kill.
You hear a deafening roar!
An ice dragon and an ettin come into view.
The ice dragon roars deafeningly!
The ice dragon misses you.
The ice dragon claws you but does no damage.
You block the ice dragon's attack.
A rakshasa comes into view. It is wielding a long sword.
Things that are here:
4 large rocks; a stone giant corpse You mangle the ice dragon!!
You kill the ice dragon!
Okawaru accepts your kill.
The rakshasa moves out of view.
A quicksilver dragon, a great orb of eyes and an ogre mage come into view.
The ice dragon breathes frost at you. The blast of cold hits you!
* * * LOW HITPOINT WARNING * * *
The ettin barely misses you. The ettin hits you with a dire flail!!
You die...

###.#
##..(###### D
##....≈≈≈≈≈≈≈ 8.
#.....≈≈≈≈≈≈≈
G.R##....#######
.OD.##...#
#...###)#
#....#[# #..C@(#
#.....# ##....#
......# ########


You could see an ice dragon, a quicksilver dragon (wandering), a great orb of
eyes (wandering), an ettin, a rakshasa and an ogre mage.

Vanquished Creatures
  Mara (Snake:3)
  Saint Roka (Snake:3)
  Vashnia (Snake:2)
  the Lernaean hydra (Swamp:4)
  Bai Suzhen (Swamp:4)
  A caustic shrike (Depths:2)
  A golden dragon (Depths:2)
  A profane servitor (Abyss:2)
  A tentacled monstrosity (Vaults:3)
  A lich (Vaults:4)
  2 deep elf blademasters (Elf:3)
  2 deep elf master archers (Elf:3)
  A sphinx (Vaults:4)
  4 thorn hunters
  2 tengu reavers (Vaults:4)
  Roxanne (Snake:2)
  Kirke (Swamp:2)
  A storm dragon (Vaults:2)
  Donald (Snake:3)
  2 frost giants
  9 nagarajas
  3 fire giants
  5 deep elf sorcerers
  Aizul (Elf:1)
  A balrug (Depths:1)
  An orc warlord (Orc:1)
  5 vault wardens
  5 deep elf elementalists
  7 stone giants
  10 very ugly things
  9 ironheart preservers
  2 vampire knights
  8 deep elf demonologists
  9 deep elf annihilators
  Azrael (D:14)
  4 ettins
  4 spark wasps (Depths:1)
  5 dire elephants (Lair:6)
  11 deep elf death magi
  An eidolon (Abyss:2)
  2 fire dragons
  A crystal guardian (Vaults:3)
  2 jiangshi (Depths:1)
  A minotaur (Lab)
  3 deep elf high priests
  6 yaktaur captains
  2 ice dragons
  7 great orbs of eyes
  16 vault guards
  2 rakshasas
  20 naga warriors
  3 catoblepae
  26 hydras
  The ghost of p0werm0de the Fighter, a journeyman GrCK of Xom (Orc:1)
  8 centaur warriors
  13 anacondas
  2 death knights
  15 ogre magi
  50 two-headed ogres
  10 alligators
  2 deep troll shamans
  27 dancing weapons
  2 deep troll earth magi
  9 naga sharpshooters
  6 orc high priests
  3 vampire magi
  10 shock serpents
  27 deep elf knights
  6 hell knights (Depths:1)
  3 wretched stars (Abyss:2)
  2 sun demons (Depths:1)
  2 shadow wraiths (Vaults:4)
  3 salamander mystics
  An unseen horror (Vaults:1)
  8 sea snakes (Snake:4)
  14 deep trolls
  An unseen horror (shapeshifter) (Vaults:4)
  3 skeletal warriors (D:15)
  A spriggan druid (Swamp:2)
  A flayed ghost (Vaults:4)
  12 swamp dragons
  4 naga ritualists
  4 wizards
  10 deep elf archers
  2 necromancers
  3 shambling mangroves
  17 ironbrand convokers
  A harpy (shapeshifter) (Depths:2)
  10 orc knights
  2 wolf spider zombies
  Pikel (D:6)
  2 wolf spiders (Vaults:2)
  35 ugly things
  2 phantasmal warriors
  8 mana vipers
  3 manticores
  65 deep elf magi
  4 cyclopes
  6 orc sorcerers
  2 salamanders (shapeshifter)
  9 elephants
  Maurice (D:11)
  8 guardian serpents
  An apocalypse crab (Abyss:2)
  A guardian serpent (shapeshifter) (Vaults:4)
  37 black mambas
  10 naga magi
  9 vault sentinels
  Joseph (D:8)
  2 smoke demons (Abyss:2)
  10 salamanders
  A torpor snail (Lair:5)
  16 spiny frogs
  4 centaur skeletons
  3 rime drakes
  A hellion (Abyss:2)
  An efreet (D:15)
  12 freezing wraiths
  2 tengu conjurers
  5 komodo dragons
  33 yaktaurs
  A meliai (shapeshifter) (Vaults:1)
  An ancient zyme (Abyss:2)
  13 hornets
  7 tyrant leeches
  11 trolls
  A jumping spider (shapeshifter) (Vaults:2)
  Grinder (D:6)
  A blink frog (shapeshifter) (Depths:2)
  3 polar bears
  2 raiju (shapeshifter)
  A hippogriff (shapeshifter) (Vaults:4)
  9 blink frogs
  8 hippogriffs
  4 bog bodies
  7 dream sheep
  A centaur simulacrum (D:14)
  51 slime creatures
  A shock serpent simulacrum (Abyss:1)
  2 shadows
  2 vampires
  2 spriggans
  8 air elementals
  A ynoxinul (Abyss:2)
  17 water elementals
  4 wraiths
  2 wyverns
  8 fire elementals
  27 yaks
  A hog (Swamp:2)
  2 basilisks (D:11)
  A neqoxec (Abyss:2)
  6 hungry ghosts
  15 vampire mosquitoes
  8 insubstantial wisps
  8 wargs
  21 swamp worms
  Duvessa (D:4)
  4 acid dragons
  A soldier ant (D:9)
  6 hell hounds
  16 water moccasins
  45 nagas
  4 small abominations
  7 porcupines
  A slave (D:6)
  7 starcursed masses (Abyss:2)
  17 swamp drakes
  5 sky beasts
  3 ice beasts
  2 black bears
  A black bear (shapeshifter) (Vaults:4)
  3 eyes of draining
  4 phantoms
  52 orc warriors
  3 boggarts (Depths:1)
  36 ogres
  5 wolves
  3 large abominations
  26 centaurs
  23 crocodiles
  3 big kobolds
  18 bullfrogs
  2 earth elementals
  Dowan (D:4)
  A water moccasin skeleton (D:6)
  A wyvern skeleton (D:14)
  4 scorpions
  15 killer bees
  A human simulacrum (Vaults:1)
  A troll zombie (D:10)
  7 wights
  2 electric eels
  A howler monkey (D:6)
  8 crimson imps
  4 centaur zombies
  2 bullfrog zombies
  A human zombie (Ossuary)
  A quasit (Abyss:2)
  24 orc priests
  5 hounds
  6 jellies
  37 orc wizards
  A bullfrog skeleton (D:11)
  An iron imp (Abyss:2)
  Terence (D:3)
  2 iguanas (D:6)
  6 worker ants
  2 killer bee zombies
  3 big kobold zombies (Ossuary)
  5 ogre zombies (D:10)
  A hound zombie (D:9)
  4 mummies
  2 hound skeletons
  A howler monkey zombie (D:9)
  2 worker ant zombies
  11 gnolls
  A howler monkey skeleton (D:6)
  14 adders
  A river rat (D:6)
  2 shadow imps (D:7)
  2 ufetubi
  5 oozes
  An adder zombie (Ossuary)
  8 worms
  9 leopard geckos
  117 orcs
  5 giant cockroaches
  6 goblins
  7 hobgoblins
  9 jackals
  20 kobolds
  A quokka (D:7)
  2 ball pythons
  10 bats
  5 frilled lizards
  A giant cockroach zombie (D:5)
  2 goblin skeletons (D:10)
  6 goblin zombies
  2 hobgoblin skeletons (D:10)
  10 hobgoblin zombies
  3 jackal zombies
  11 kobold zombies (Ossuary)
  An orc skeleton (D:10)
  15 orc zombies
  7 rats
  2 rat zombies (Ossuary)
  4 briar patches
  A fungus (Lair:6)
  4 plants
1823 creatures vanquished.

Vanquished Creatures (others)
  A yaktaur captain (Vaults:3)
  An unseen horror (D:11)
  A black mamba (Snake:3)
  5 yaktaurs
  A small abomination (Abyss:2)
  6 humans (Swamp:2)
  A warg (Vaults:4)
  A naga (Snake:4)
  2 centaurs
  A wight (D:6)
  A jelly (D:14)
  An orc priest (Orc:2)
  An orc (Elf:1)
  A quokka (D:6)
  5 fungi
  2 lurking horrors (Abyss:2)
  7 toadstools (D:1)
38 creatures vanquished.

Grand Total: 1861 creatures vanquished

Notes
Turn   | Place    | Note
-------+----------+-------------------------------------------
     0 | D:1      | smashysmashy the Troll Monk began the quest for the Orb.
     0 | D:1      | Reached XP level 1. HP: 22/22 MP: 0/0
   312 | D:1      | Reached XP level 2. HP: 29/29 MP: 1/1
   863 | D:2      | Reached XP level 3. HP: 34/36 MP: 2/2
  1329 | D:2      | Found a deep blue altar of Sif Muna.
  1486 | D:3      | Reached XP level 4. HP: 43/44 MP: 3/3
  1592 | D:3      | Found a glowing silver altar of Zin.
  1654 | D:3      | Reached skill level 4 in Unarmed Combat
  1787 | D:3      | Found a blossoming altar of Fedhas.
  1817 | D:3      | Reached skill level 1 in Shields
  1854 | D:3      | Noticed Terence
  1865 | D:3      | Killed Terence
  1865 | D:3      | Reached XP level 5. HP: 45/53 MP: 4/4
  2251 | D:4      | Noticed a phantom
  2287 | D:4      | Killed a phantom
  2287 | D:4      | Reached skill level 5 in Unarmed Combat
  2287 | D:4      | Reached XP level 6. HP: 52/61 MP: 5/5
  2531 | D:4      | Noticed Duvessa
  2531 | D:4      | Noticed Dowan
  2570 | D:4      | Killed Duvessa
  2572 | D:4      | Killed Dowan
  2656 | D:4      | Reached skill level 6 in Unarmed Combat
  2747 | D:5      | Entered Level 5 of the Dungeon
  2764 | D:5      | Reached XP level 7. HP: 61/68 MP: 6/6
  3044 | D:6      | Noticed Grinder
  3053 | D:6      | Killed Grinder
  3053 | D:6      | Reached skill level 7 in Unarmed Combat
  3062 | D:6      | Noticed Pikel
  3065 | D:6      | Found Anel's Antique Armour Shoppe.
  3070 | D:6      | Bought a runed robe for 96 gold pieces
  3106 | D:6      | Reached XP level 8. HP: 53/79 MP: 7/7
  3134 | D:6      | Killed Pikel
  3134 | D:6      | Reached skill level 5 in Fighting
  3134 | D:6      | Reached skill level 8 in Unarmed Combat
  3151 | D:6      | Found a snail-covered altar of Cheibriados.
  3326 | D:6      | Found a sparkling altar of Nemelex Xobeh.
  3425 | D:6      | Reached skill level 9 in Unarmed Combat
  3425 | D:6      | Reached XP level 9. HP: 88/88 MP: 8/8
  3450 | D:6      | Found a hazy altar of Hepliaklqana.
  3988 | D:5      | Found a staircase to the Ecumenical Temple.
  4248 | Temple   | Entered the Ecumenical Temple
  4332 | Temple   | Became a worshipper of Warmaster Okawaru
  4332 | Temple   | Reached * piety under Okawaru
  4332 | Temple   | Reached ** piety under Okawaru
  4922 | D:7      | Reached skill level 10 in Unarmed Combat
  4924 | D:7      | Reached skill level 5 in Shields
  5307 | D:7      | Found a hide-covered altar of Uskayaw.
  5561 | D:8      | Noticed Joseph
  5569 | D:8      | Found a sand-covered staircase.
  5577 | Ossuary  | Entered an ossuary
  5722 | Ossuary  | Reached *** piety under Okawaru
  5815 | D:8      | Killed Joseph
  5815 | D:8      | Reached XP level 10. HP: 64/100 MP: 9/9
  5864 | D:8      | Found a shadowy altar of Dithmenos.
  5867 | D:8      | Noticed a two-headed ogre
  5877 | D:8      | Killed a two-headed ogre
  6240 | D:8      | Reached skill level 11 in Unarmed Combat
  6430 | D:8      | Found a sacrificial altar of Ru.
  6668 | D:9      | Found an opulent altar of Gozag.
  6668 | D:9      | Found a radiant altar of Vehumet.
  6669 | D:9      | Found a basalt altar of Yredelemnul.
  6793 | D:9      | Paralysed by a hornet for 2 turns
  6801 | D:9      | Reached **** piety under Okawaru
  7123 | D:9      | Found a shadowy altar of Dithmenos.
  7532 | D:10     | Entered Level 10 of the Dungeon
  7643 | D:11     | Killed an unseen horror
  7644 | D:11     | Noticed a green ugly thing
  7669 | D:11     | Reached skill level 5 in Dodging
  7705 | D:11     | Reached skill level 12 in Unarmed Combat
  7751 | D:11     | Killed a green ugly thing
  7751 | D:11     | Reached XP level 11. HP: 47/109 MP: 7/10
  7930 | D:11     | Noticed a death knight
  7954 | D:11     | Killed a death knight
  7954 | D:11     | Reached ***** piety under Okawaru
  8135 | D:11     | Noticed Maurice
  8166 | D:11     | Killed Maurice
  8254 | D:11     | Found a staircase to the Lair.
  8397 | D:11     | Received a gift from Okawaru
  8460 | D:11     | Received a gift from Okawaru
  8460 | D:11     | Reached skill level 13 in Unarmed Combat
  8720 | D:11     | Noticed an obsidian statue
  8913 | D:10     | Found a staircase to the Orcish Mines.
  9733 | D:10     | Noticed a two-headed ogre
  9740 | D:10     | Killed a two-headed ogre
  9740 | D:10     | Reached XP level 12. HP: 114/122 MP: 11/11
  9836 | Lair:1   | Entered Level 1 of the Lair of Beasts
 10127 | Lair:1   | Reached skill level 14 in Unarmed Combat
 10627 | Lair:1   | Noticed a five-headed hydra
 10878 | Lair:2   | Reached skill level 1 in Armour
 10879 | Lair:2   | Received a gift from Okawaru
 11543 | Lair:3   | Noticed a catoblepas
 11549 | Lair:3   | Killed a catoblepas
 11673 | Lair:3   | Found a staircase to the Snake Pit.
 11740 | Lair:3   | Noticed a six-headed hydra
 11749 | Lair:3   | Noticed a four-headed hydra
 12066 | Lair:3   | Killed a 13-headed hydra
 12309 | Lair:3   | Killed an eight-headed hydra
 12471 | Lair:3   | Noticed a thorn hunter
 12485 | Lair:3   | Killed a thorn hunter
 12485 | Lair:3   | Reached skill level 15 in Unarmed Combat
 12627 | Lair:3   | Found a staircase to the Swamp.
 13173 | Lair:4   | Reached XP level 13. HP: 120/131 MP: 12/12
 13331 | Lair:4   | Found a labyrinth entrance.
 13340 | Lab      | Entered a labyrinth
 13492 | Lab      | Noticed a minotaur
 13505 | Lab      | Killed a minotaur
 13508 | Lab      | Identified the Almanac of the Aerial Traveller
 13514 | Lab      | Got a crystal long sword
 13534 | Lair:4   | Gained mutation: Your system is resistant to poisons. (rPois) [potion of mutation]
 13534 | Lair:4   | Gained mutation: You expend magic power (3 MP) to strengthen your wands. [potion of mutation]
 13534 | Lair:4   | Gained mutation: Your mind is acute. (Int +2) [potion of mutation]
 14063 | Lair:4   | Received a gift from Okawaru
 14070 | Lair:4   | Identified a scroll of acquirement
 15231 | Lair:6   | Entered Level 6 of the Lair of Beasts
 15237 | Lair:6   | Reached skill level 10 in Fighting
 15250 | Lair:6   | Found a staircase to the Slime Pits.
 15633 | Lair:6   | Reached skill level 1 in Invocations
 15637 | Lair:6   | Reached skill level 1 in Evocations
 15719 | Lair:6   | Reached skill level 5 in Armour
 16224 | Lair:6   | Reached skill level 16 in Unarmed Combat
 16454 | Lair:6   | Noticed a dire elephant
 16458 | Lair:6   | Noticed a dire elephant
 16458 | Lair:6   | Noticed a dire elephant
 16474 | Lair:6   | Killed a dire elephant
 16479 | Lair:6   | Killed a dire elephant
 16487 | Lair:6   | Killed a dire elephant
 16491 | Lair:6   | Noticed a dire elephant
 16507 | Lair:6   | Killed a dire elephant
 16538 | Lair:6   | Got a smoking shortbow
 16547 | Lair:6   | Identified the +8 shortbow of the Bear {freeze, +Blink rF++} (You found it on level 6 of the Lair of Beasts)
 16627 | Lair:6   | Noticed a dire elephant
 16638 | Lair:6   | Killed a dire elephant
 16908 | D:11     | Reached XP level 14. HP: 139/144 MP: 15/15
 16966 | Orc:1    | Entered Level 1 of the Orcish Mines
 17177 | Orc:2    | Entered Level 2 of the Orcish Mines
 17251 | Orc:2    | Received a gift from Okawaru
 17279 | Orc:2    | Got a smoking cloak {god gift}
 17290 | Orc:2    | Identified the +0 cloak of the Moneychanger {*Slow Str-5 Slay+4 Stlth+} (Okawaru gifted it to you on level 2 of the Orcish Mines)
 17383 | Orc:2    | Noticed an orc warlord
 17409 | Orc:1    | Noticed p0werm0de's ghost (journeyman GrCK)
 17437 | Orc:1    | Killed p0werm0de's ghost
 17781 | Orc:2    | Paralysed by an orc sorcerer for 2 turns
 18053 | Orc:1    | Killed an orc warlord
 18145 | Orc:1    | Cast into level 1 of the Abyss (orc)
 18721 | Abyss:2  | Noticed a profane servitor
 18735 | Abyss:2  | Killed a profane servitor
 18894 | Abyss:2  | Noticed a starcursed mass
 18959 | Abyss:2  | Gained mutation: Your spells are a little harder to cast, but a little more powerful. [a neqoxec]
 18968 | Abyss:2  | Noticed a white very ugly thing
 18974 | Abyss:2  | Killed a white very ugly thing
 18979 | Orc:1    | Escaped the Abyss
 19373 | Orc:2    | Found Sucw's General Store.
 19397 | Orc:2    | Found Daeplua's Antique Armour Shoppe.
 19408 | Orc:2    | Found Xant's Antique Weapon Emporium.
 19409 | Orc:2    | Found Nusuinou's Book Shoppe.
 19433 | Orc:2    | Bought a scroll of blinking for 105 gold pieces
 19433 | Orc:2    | Bought a scroll of fear for 49 gold pieces
 19433 | Orc:2    | Bought a scroll of holy word for 105 gold pieces
 20085 | D:12     | Reached skill level 1 in Throwing
 20220 | D:12     | Received a gift from Okawaru
 20701 | D:13     | Found a gate to the Vaults.
 20733 | D:13     | Reached XP level 15. HP: 156/156 MP: 14/17
 20768 | D:13     | Received a gift from Okawaru
 21090 | D:13     | Found Motsead's Distillery.
 21096 | D:13     | Bought a potion of agility for 56 gold pieces
 21096 | D:13     | Bought a potion of curing for 42 gold pieces
 21096 | D:13     | Bought a potion of agility for 56 gold pieces
 21096 | D:13     | Bought a potion of lignification for 42 gold pieces
 21919 | D:14     | Noticed Azrael
 21970 | D:14     | Reached skill level 5 in Throwing
 21978 | D:14     | Killed Azrael
 22628 | D:14     | Found a glowing golden altar of the Shining One.
 23027 | D:15     | Entered Level 15 of the Dungeon
 23087 | D:15     | Found Iruniefo's Armour Boutique.
 23129 | D:15     | Found Kalegen's Serpentskin Sales.
 23142 | D:15     | Found Eshreh's Armour Shoppe.
 23163 | D:15     | Received a gift from Okawaru
 23317 | D:15     | Found Zeriam's Antique Armour Shop.
 23382 | D:15     | Found Lyraewnaf's Distillery.
 23425 | D:15     | Bought a potion of might for 68 gold pieces
 23425 | D:15     | Bought a potion of might for 68 gold pieces
 23425 | D:15     | Bought 2 potions of berserk rage for 170 gold pieces
 23569 | D:15     | Found Xakicaano's Distillery.
 23577 | D:15     | Bought a potion of heal wounds for 85 gold pieces
 23577 | D:15     | Bought a potion of heal wounds for 85 gold pieces
 23729 | D:15     | Found a staircase to the Depths.
 23903 | D:15     | Received a gift from Okawaru
 24332 | Orc:2    | Found a staircase to the Elven Halls.
 24556 | Orc:2    | Found a roughly hewn altar of Beogh.
 24640 | Elf:1    | Entered Level 1 of the Elven Halls
 25109 | Elf:1    | Found Joler's Jewellery Boutique.
 25109 | Elf:1    | Found Ohirph's Gadget Emporium.
 25110 | Elf:1    | Found Xuppadgh's Jewellery Boutique.
 25114 | Elf:1    | Reached XP level 16. HP: 146/170 MP: 18/18
 25126 | Elf:1    | Bought the amulet of the Four Winds {rN+ MR+++ Clar} for 526 gold pieces
 25126 | Elf:1    | Found the amulet of the Four Winds {rN+ MR+++ Clar}
 25187 | Elf:1    | Noticed Aizul
 25204 | Elf:1    | Killed Aizul
 25278 | Elf:1    | Received a gift from Okawaru
 25313 | Elf:1    | Got a distressingly furry cloak {god gift}
 25324 | Elf:1    | Identified the +0 cloak of Nosulohe {+Inv Str+6} (Okawaru gifted it to you on level 1 of the Elven Halls)
 26471 | Elf:2    | Reached skill level 17 in Unarmed Combat
 26720 | Elf:2    | Received a gift from Okawaru
 26720 | Elf:2    | Reached skill level 10 in Throwing
 26808 | Elf:2    | Found a runed gate.
 26808 | Elf:2    | Found a runed gate.
 26808 | Elf:2    | Found a runed gate.
 27106 | Elf:2    | Received a gift from Okawaru
 27228 | Elf:2    | Received a gift from Okawaru
 27553 | Elf:2    | Reached XP level 17. HP: 93/182 MP: 19/19
 27878 | Elf:3    | Entered Level 3 of the Elven Halls
 28505 | Elf:3    | Found Nietuq's Antique Armour Boutique.
 28526 | Elf:3    | Received a gift from Okawaru
 28530 | Elf:3    | Got a heavily runed hat {god gift}
 28541 | Elf:3    | Identified the +1 hat of Juekkuq {rF+ rN+ Regen+ Stlth+} (Okawaru gifted it to you on level 3 of the Elven Halls)
 28814 | Elf:3    | Noticed an Ice Fiend
 28999 | Elf:2    | Noticed an Ice Fiend
 29145 | Elf:3    | Noticed a deep elf master archer
 29154 | Elf:3    | Killed a deep elf master archer
 29303 | Elf:3    | Reached skill level 15 in Fighting
 29483 | Elf:3    | Reached skill level 18 in Unarmed Combat
 30086 | Elf:3    | Noticed a deep elf blademaster
 30102 | Elf:3    | Killed a deep elf blademaster
 30134 | Elf:3    | Received a gift from Okawaru
 30154 | Elf:3    | Got a crude robe {god gift}
 30155 | Elf:3    | Identified the +2 robe of Erria {MP+9 Str+2 Dex+2} (Okawaru gifted it to you on level 3 of the Elven Halls)
 30190 | Elf:3    | Noticed a deep elf master archer
 30202 | Elf:3    | Killed a deep elf master archer
 30592 | Elf:3    | Noticed a Brimstone Fiend
 30857 | Elf:3    | Noticed a deep elf blademaster
 30866 | Elf:3    | Killed a deep elf blademaster
 31188 | Elf:3    | Identified the Volume of Combat Magic and Stones
 31252 | Elf:3    | Identified the Reference Book on Dusty Bewitchment
 31311 | Elf:3    | Got a scintillating lead ring
 31313 | Elf:3    | Identified the ring of Vyostrig {Fire +Fly rPois Str-5 Stlth+} (You took it off a deep elf death mage on level 3 of the Elven Halls)
 31396 | Elf:3    | Reached XP level 18. HP: 193/193 MP: 16/20
 31857 | Swamp:1  | Entered Level 1 of the Swamp
 32120 | Swamp:1  | Received a gift from Okawaru
 32749 | Swamp:2  | Noticed Kirke
 32758 | Swamp:2  | Killed Kirke
 33097 | Swamp:2  | Got a tattered robe
 33108 | Swamp:2  | Identified the +0 robe of Spite {-Tele rPois Dex+4} (You acquired it on level 2 of the Swamp)
 34434 | Swamp:4  | Entered Level 4 of the Swamp
 34434 | Swamp:4  | Noticed Bai Suzhen
 34448 | Swamp:4  | Killed Bai Suzhen
 34607 | Swamp:4  | Received a gift from Okawaru
 34655 | Swamp:4  | Noticed the 27-headed Lernaean hydra
 34673 | Swamp:4  | Killed the 26-headed Lernaean hydra
 34866 | Swamp:4  | Got a decaying rune of Zot
 35546 | Snake:1  | Entered Level 1 of the Snake Pit
 35789 | Snake:1  | Reached XP level 19. HP: 204/204 MP: 21/21
 35803 | Snake:1  | Received a gift from Okawaru
 35819 | Snake:1  | Reached skill level 10 in Armour
 36226 | Snake:2  | Noticed Roxanne
 36240 | Snake:2  | Killed Roxanne
 36555 | Snake:2  | Reached skill level 19 in Unarmed Combat
 36724 | Snake:2  | Received a gift from Okawaru
 37080 | Snake:2  | Noticed Vashnia
 37104 | Snake:2  | Killed Vashnia
 37104 | Snake:2  | Received a gift from Okawaru
 37238 | Snake:2  | Got a bloodstained robe {god gift}
 37239 | Snake:2  | Identified the +1 robe of Cuiffuof {Regen+ Str+3} (Okawaru gifted it to you on level 2 of the Snake Pit)
 37836 | Snake:3  | Noticed Saint Roka
 37934 | Snake:3  | Noticed Donald
 37937 | Snake:3  | Killed Saint Roka
 37957 | Snake:3  | Killed Donald
 37965 | Snake:3  | Noticed Mara
 37986 | Snake:3  | Noticed smashysmashy's illusion
 37991 | Snake:3  | Killed Mara
 38654 | Snake:4  | Entered Level 4 of the Snake Pit
 39283 | Snake:4  | Received a gift from Okawaru
 39466 | Snake:4  | Reached XP level 20. HP: 127/215 MP: 15/22
 39713 | Snake:4  | Found Kosapre's Antique Weapon Boutique.
 39751 | Snake:4  | Received a gift from Okawaru
 39830 | Snake:4  | Received a gift from Okawaru
 40067 | Snake:4  | Got a serpentine rune of Zot
 40199 | Snake:4  | Reached skill level 20 in Unarmed Combat
 40940 | Vaults:1 | Entered Level 1 of the Vaults
 42262 | Vaults:2 | Found Aduvicse's Antique Weapon Emporium.
 43102 | Vaults:2 | Received a gift from Okawaru
 43428 | Vaults:2 | Reached skill level 5 in Evocations
 43599 | Vaults:2 | Received a gift from Okawaru
 44079 | Vaults:3 | Found Plog's Book Boutique.
 44098 | Vaults:3 | Received a gift from Okawaru
 44117 | Vaults:3 | Reached XP level 21. HP: 76/227 MP: 24/24
 44379 | Vaults:3 | Reached ****** piety under Okawaru
 44588 | Vaults:3 | Received a gift from Okawaru
 44667 | Vaults:3 | Found a staircase to the Crypt.
 44783 | Vaults:3 | Found Tomecs's Gadget Emporium.
 45251 | Vaults:3 | Found Rozoj's Antique Armour Shoppe.
 45251 | Vaults:3 | Found Herus's Food Shop.
 45273 | Vaults:3 | Bought the -2 hat of the Alchemist {rElec rPois rF+ rC+ rN+ MR+ rMut rCorr} for 1699 gold pieces
 45273 | Vaults:3 | Found the -2 hat of the Alchemist {rElec rPois rF+ rC+ rN+ MR+ rMut rCorr}
 45286 | Vaults:3 | Found Fyep Xag's Assorted Antiques.
 45293 | Vaults:3 | Bought a potion of haste for 420 gold pieces
 46235 | Vaults:4 | Found Zakap's Weapon Shop.
 46383 | Vaults:4 | Received a gift from Okawaru
 46870 | Vaults:4 | Received a gift from Okawaru
 47345 | Vaults:4 | Received a gift from Okawaru
 47350 | Vaults:4 | Reached XP level 22. HP: 239/239 MP: 23/26
 47957 | Depths:1 | Entered Level 1 of the Depths
 48115 | Depths:1 | Reached skill level 21 in Unarmed Combat
 49322 | Depths:1 | Found a gateway to Hell.
 49499 | Depths:2 | Got a scintillating lead amulet
 49501 | Depths:2 | Identified the amulet of Scepticism {Inacc rPois Str+6} (You found it on level 2 of the Depths)
 49504 | Depths:2 | Received a gift from Okawaru
 49633 | Depths:2 | Found a one-way gate leading to the halls of Pandemonium.
 49677 | Depths:2 | Received a gift from Okawaru
 49896 | Depths:2 | Received a gift from Okawaru
 49956 | Depths:2 | Noticed a caustic shrike
 49965 | Depths:2 | Killed a caustic shrike
 49979 | Depths:2 | Noticed a golden dragon
 49992 | Depths:2 | Killed a golden dragon
 49997 | Depths:2 | Mangled by an ettin

Vault maps used:
D:1:      nagdon_arrival_double_spiral, minmay_cupped
D:2:      lemuel_blue_sif_altar
D:3:      lemuel_round_altar, st_stairs_4, fedhas_altar_2, uniq_terence
D:4:      first_bread, uniq_duvessa
D:5:      minmay_temple_entry_enclosed_plants
D:6:      slow_altar_1, kennysheep_mini_moat, serial_shops, shop,
          gup_sewer_entry_bubbles, minmay_liquid_box,
          nemelex_spade_bored_becter, uniq_pikel, uniq_grinder
D:7:      eat_drink_and_be_merry_uskayaw, nicolae_overflow_hidden_temple
D:8:      lemuel_crystal_altar, nicolae_ossuary_entry_giza,
          nicolae_dithmenos_the_darkroom, uniq_joseph
D:9:      nicolae_overflow_quartered_altars, hangedman_pestilent_swarm
D:10:     zombieorc1_lemuel, serial_glass, glass_columns_a, glass_columns_b,
          kennysheep_kite_vault
D:11:     david_lair_generic, david_greed, uniq_maurice
D:12:     kennysheep_potato
D:13:     erik_vaults_2, serial_shops, shop, dk_noncrumbling_4
D:14:     kennysheep_blocky_room, nicolae_tso_swordbearing_angel, uniq_azrael
D:15:     grunt_enter_depths_snipers, serial_shops, shop, nicolae_shop_stone,
          nicolae_shop_statue_plus, nicolae_shop_crystal, shop,
          minmay_splitting_lines, guppyfry_shop_venom
Temple:   compressed_dpeg_circular_temple
Lair:1:   beast_lair_carwin_3
Lair:2:   gammafunk_lair_bear_cave
Lair:3:   nicolae_swamp_entry_splash_gauntlet, guppyfry_snake_entry_island,
          beast_lair_carwin_8
Lair:4:   lab_entry_generic
Lair:6:   due_jungle_book, nicolae_slime_entry_slimehenge, grunt_megastairs_3
Swamp:1:  evilmike_swamp_ruin_house_3, swamp_pool1
Swamp:2:  hangedman_swamp_ruin_hall, uniq_kirke
Swamp:3:  evilmike_swamp_ruin_house_6, infiniplex_staircase_pool
Swamp:4:  swamp_old_school, uniq_bai_suzhen
Snake:1:  hangedman_snake_corridor_split
Snake:2:  uniq_vashnia, uniq_roxanne
Snake:3:  grunt_ministairs_7, uniq_donald, uniq_saint_roka, uniq_mara
Snake:4:  grunt_snake_rune_pools, serial_shops, shop, serial_bayou_shore_b
Orc:2:    st_orc_congregation, basic_altar
Elf:1:    eino_elf_arrival_sip, orc_legates, minmay_shop_grove, uniq_aizul
Elf:2:    hex_tiny, minmay_misc_feat_alley
Elf:3:    grunt_elf_hall_asides, serial_shops, shop_statue
Vaults:1: hangedman_vaults_pinch, nicolae_vaults_what_the_h,
          nicolae_vaults_rhombus_6, grunt_vaults_swirl, v_misc_32,
          vaults_dpeg_cross, vaults_room_semicircle,
          nicolae_vaults_mini_display_case, vaults_dpeg_diagonal
Vaults:2: v_misc_14, hangedman_vaults_snaps, vaults_mumra_hex,
          hangedman_vaults_unwind, vaults_mumra_chevron_long, v_misc_12,
          hangedman_vaults_slither, vaults_room_ringed_pool, v_alt_pattern_2,
          nicolae_vaults_little_squares_5, ontoclasm_vaults_gateway,
          vaults_dpeg_hooks, v_misc_19, serial_shops, shop
Vaults:3: ontoclasm_vaults_hangar, minmay_crypt_entry_simple_walls,
          ontoclasm_vaults_shuriken, ontoclasm_vaults_misaligned,
          vaults_room_grunt_arrival_checkpoint, vaults_room_octagon,
          grunt_vaults_hallway_short, st_more_cells,
          nicolae_vaults_little_squares_4, ontoclasm_vaults_decontamination,
          serial_shops, nicolae_shop_overgrown_old_shop, shop, shop,
          nicolae_shop_competitors_out_of_business, nicolae_shop_behind_doors
Vaults:4: nicolae_vaults_asterisk, dpeg_vaults_monster_box, v_pattern_5,
          hangedman_vaults_variations, v_rooms_5,
          nicolae_vaults_little_squares_2, nicolae_vaults_network_periphery,
          v_alt_pattern_2, nicolae_vaults_fighting_squares,
          ontoclasm_vaults_bender, nicolae_vaults_asterisk,
          vaults_room_door_ring
Depths:1: minivault_14, lightli_too_deep, minislime_mu
Depths:2: minmay_connected_boxes_in_corner, pan_entry, grunt_hell_entry_dis_mu,
          nrook_mini_vaults, minmay_large_rounded_square,
          minmay_strange_pillars, infiniplex_staircase_pool_lava
Lab:      labyrinth_watery
Ossuary:  ossuary_tomb_1

Skill      XL: |  1  2  3  4  5  6  7  8  9 10 11 12 13 14 15 16 17 18 19 20 21 22 |
---------------+-------------------------------------------------------------------+-----
Fighting       | 3 4 5 6 7 8 9 10 11 13 14 15 16 17 18 | 18.5
Unarmed Combat | 4 5 6 7 9 10 12 13 15 16 17 18 19 20 21 | 21.3
Shields        | 1 2 3 4 5 |  5.8
Dodging        | 3 5 6 7 8 |  8.2
Armour         | 3 5 9 11 13 14 | 14.6
Invocations    | 3 4 |  4.0
Evocations     | 2 3 5 7 9 |  9.0
Stealth        | 3 |  3.3
Throwing       | 2 8 10 12 | 12.4

Action                   |  1- 3 |  4- 6 |  7- 9 | 10-12 | 13-15 | 16-18 | 19-21 | 22-24 || total
-------------------------+-------+-------+-------+-------+-------+-------+-------+-------++-------
Melee: Unarmed           |   111 |   181 |   371 |   726 |  1353 |  1246 |  1769 |   486 ||  6243
       Punch             |     1 |       |       |       |       |       |       |       ||     1
Throw: Throwing net      |       |       |     1 |     3 |     2 |     1 |       |       ||     7
       Large rock        |       |       |       |       |     4 |    52 |    14 |    11 ||    81
Invok: Heroism           |       |       |     1 |    22 |    47 |    64 |    51 |    13 ||   198
       Finesse           |       |       |       |       |     6 |     3 |     3 |     1 ||    13
Evoke: Wand              |       |       |       |     4 |     4 |     3 |       |       ||    11
  Use: Scroll            |       |    13 |       |    12 |    14 |    16 |    10 |     2 ||    67
       Potion            |       |     3 |     2 |     6 |    17 |    16 |     4 |     2 ||    50
 Stab: Sleeping          |     4 |       |     2 |     4 |     9 |     6 |       |       ||    25
       Invisible         |       |     3 |       |     5 |     5 |    12 |       |       ||    25
       Distracted        |       |       |       |     1 |     1 |     4 |       |       ||     6
       Held in net/web   |       |       |       |       |     1 |       |       |       ||     1
       Confused          |       |       |       |       |       |     1 |       |       ||     1
  Eat: Chunk             |    16 |    14 |    27 |    74 |    80 |    86 |    80 |    16 ||   393
       Bread ration      |       |       |       |       |     7 |     2 |     2 |       ||    11
       Meat ration       |       |       |       |       |       |       |     3 |       ||     3
       Royal jelly       |       |       |       |       |       |       |     2 |       ||     2
Armor: Robe              |    44 |    72 |    95 |   120 |       |       |       |       ||   331
       Troll leather arm |       |       |       |    57 |   248 |   181 |       |       ||   486
       Storm dragon scal |       |       |       |       |       |   155 |   575 |   176 ||   906
Dodge: Dodged            |    46 |    80 |    85 |   289 |   493 |   466 |   515 |   136 ||  2110
Block: Shield            |     1 |    75 |   128 |   363 |   575 |   506 |   733 |   206 ||  2587
       Reflection        |       |       |       |       |       |       |    50 |    21 ||    71

Table legend:
 A = Spawn XP
 B = Non-spawn XP
 C = Spawn XP percentage of total XP
 D = Spawn monster count
 E = Non-spawn monster count
 F = Spawn count percentage of total count
 G = Total turns spent on level
                    A         B        C        D         E        F      G
               +---------+---------+-------+---------+---------+-------+---------
         Total |  107406 |  701712 |  13.3 |     248 |    1575 |  13.6 | 49997
               +---------+---------+-------+---------+---------+-------+---------
           D:1 |       4 |      30 |  11.8 |       3 |      16 |  15.8 |   790
           D:2 |       2 |      57 |   3.4 |       1 |      13 |   7.1 |   657
           D:3 |       0 |     142 |   0.0 |       0 |      30 |   0.0 |   765
           D:4 |       0 |     496 |   0.0 |       0 |      21 |   0.0 |   535
           D:5 |     121 |     363 |  25.0 |       1 |      12 |   7.7 |   643
           D:6 |     177 |    2100 |   7.8 |       3 |      37 |   7.5 |  1176
           D:7 |     358 |    1145 |  23.8 |       5 |      26 |  16.1 |   888
           D:8 |     591 |    1707 |  25.7 |       8 |      10 |  44.4 |   801
           D:9 |      54 |    1469 |   3.5 |       3 |      34 |   8.1 |   956
          D:10 |     819 |    3972 |  17.1 |       4 |      55 |   6.8 |  1253
          D:11 |    1158 |    7878 |  12.8 |      19 |      40 |  32.2 |  1323
          D:12 |    1179 |    4380 |  21.2 |       3 |      22 |  12.0 |   882
          D:13 |    1523 |   11374 |  11.8 |       5 |      25 |  16.7 |  1120
          D:14 |    2933 |   16779 |  14.9 |       9 |      40 |  18.4 |  1458
          D:15 |     644 |    9105 |   6.6 |       2 |      17 |  10.5 |   954
        Lair:1 |     403 |    3136 |  11.4 |       1 |      17 |   5.6 |   915
        Lair:2 |       0 |    2531 |   0.0 |       0 |      14 |   0.0 |   963
        Lair:3 |    3360 |    6504 |  34.1 |       3 |      25 |  10.7 |  1826
        Lair:4 |     109 |    6292 |   1.7 |       1 |      20 |   4.8 |   970
        Lair:5 |    1047 |    2489 |  29.6 |       4 |       9 |  30.8 |   944
        Lair:6 |     787 |   15228 |   4.9 |       6 |      39 |  13.3 |  1564
       Swamp:1 |    5292 |   10111 |  34.4 |       6 |      32 |  15.8 |   953
       Swamp:2 |    2431 |   14286 |  14.5 |       3 |      26 |  10.3 |   924
       Swamp:3 |    1481 |   10208 |  12.7 |       4 |      20 |  16.7 |   812
       Swamp:4 |     876 |   30408 |   2.8 |       1 |      42 |   2.3 |   957
       Snake:1 |    1420 |   13772 |   9.3 |       3 |      28 |   9.7 |   693
       Snake:2 |    4661 |   26893 |  14.8 |       9 |      39 |  18.8 |  1601
       Snake:3 |    2279 |   28964 |   7.3 |       2 |      36 |   5.3 |   894
       Snake:4 |    4655 |   54637 |   7.9 |       8 |      77 |   9.4 |  2052
         Orc:1 |    1807 |    6937 |  20.7 |      13 |      53 |  19.7 |  1221
         Orc:2 |     447 |    9844 |   4.3 |       2 |      82 |   2.4 |  1337
         Elf:1 |    2072 |   29815 |   6.5 |       3 |      63 |   4.5 |  1721
         Elf:2 |    3829 |   45331 |   7.8 |       7 |      59 |  10.6 |  2203
         Elf:3 |    9544 |   55244 |  14.7 |      15 |      53 |  22.1 |  2925
      Vaults:1 |    5740 |   17324 |  24.9 |       9 |      42 |  17.6 |  1331
      Vaults:2 |   16314 |   40578 |  28.7 |      24 |      71 |  25.3 |  2095
      Vaults:3 |    9241 |   47891 |  16.2 |      14 |      65 |  17.7 |  1709
      Vaults:4 |    1907 |   74100 |   2.5 |       3 |     100 |   2.9 |  1786
      Depths:1 |   11438 |   42178 |  21.3 |      17 |      78 |  17.9 |  1497
      Depths:2 |       0 |   36838 |   0.0 |       0 |      34 |   0.0 |   543
       Abyss:1 |     238 |       0 | 100.0 |       2 |       0 | 100.0 |    90
       Abyss:2 |    6465 |    7867 |  45.1 |      22 |      14 |  61.1 |   744
           Lab |       0 |    1071 |   0.0 |       0 |       1 |   0.0 |   193
       Ossuary |       0 |     238 |   0.0 |       0 |      38 |   0.0 |   231
               +---------+---------+-------+---------+---------+-------+---------
